 Dungeon Crawl Stone Soup version 0.32-a0-401-g0bcb2a7693 (webtiles) character file.

Game seed: 11248294448291090033

3806 Eptagon the Skirmisher (level 10, -3/85 HPs)
             Began as a Coglin Wanderer on Feb 20, 2024.
             Was an Initiate of Gozag.
             Succumbed to Grum's poison
             ... on level 8 of the Dungeon.
             The game lasted 00:16:12 (7590 turns).

Eptagon the Skirmisher (Coglin Wanderer)            Turns: 7590, Time: 00:16:13

Health: -3/85      AC:  7    Str: 15 (18) XL:     10   Next: 17%
Magic:  11/11      EV: 16    Int: 10 (12) God:    Gozag
Gold:   364        SH:  0    Dex: 16 (18) Spells: 10/11 levels left

rFire   . . .        a - +3 sling {Malki}
rCold   . . .        j - +0 sling {Santiago}
rNeg    . . .        c - +0 leather armour
rPois   .            z - +0 helmet
rElec   .            p - +0 cloak
rCorr   .            D - +1 pair of gloves
SInv    .            (no boots)
Will    .....        (no amulet)
Stlth   +            d - +6 ring of dexterity
HPRegen 0.34/turn    h - +5 ring of evasion
MPRegen 0.12/turn

%: no passive effects
@: lethally poisoned (-3 -> -24), hasted, revved, very quick
A: off-hand wielding, slow wielding, warmup strikes, legs shutdown
a: Renounce Religion, Potion Petition, Call Merchant, Bribe Branch


You were on level 8 of the Dungeon.
You worshipped Gozag.
Gozag was aware of your devotion.
You visited 2 branches of the dungeon, and saw 9 of its levels.
You also visited: Ossuary.

You collected 449 gold pieces.
You paid 85 gold pieces to Gozag.

Inventory:

Hand Weapons
 a - a +3 sling (weapon) {Malki}
 j - a +0 sling (worn) {Santiago}
Missiles
 w - a throwing net
Armour
 c - a +0 leather armour (worn)
 p - a +0 cloak (worn)
 z - a +0 helmet (worn)
 D - a +1 pair of gloves (worn)
Jewellery
 d - a +6 ring of dexterity (left grasper)
 h - a +5 ring of evasion (right grasper)
 H - an amulet of faith
Wands
 u - a wand of flame (6)
Scrolls
 b - a scroll of fog
 e - 2 scrolls of revelation {unknown}
 g - a scroll of torment {unknown}
 i - 5 scrolls of identify {unknown}
 k - 3 scrolls of enchant weapon {unknown}
 l - 2 scrolls of enchant armour {unknown}
 q - 4 scrolls of amnesia {unknown}
 r - 2 scrolls of vulnerability {unknown}
 s - a scroll of blinking {unknown}
 x - 3 scrolls of fear {unknown}
 y - 3 scrolls of teleportation {unknown}
 A - 2 scrolls of poison {unknown}
 B - a scroll of silence {unknown}
 C - 4 scrolls of immolation {unknown}
 E - a scroll of noise {unknown}
 G - 2 scrolls of butterflies {unknown}
Potions
 f - 2 potions of might
 m - a potion of heal wounds
 n - a potion of brilliance {unknown}
 o - a potion of resistance {unknown}
 t - 2 potions of degeneration
 F - 2 potions of curing {unknown}
 I - a potion of berserk rage {unknown}
 J - a potion of enlightenment {unknown}
 K - a potion of attraction {unknown}
 L - a potion of cancellation {unknown}
 M - a potion of lignification {unknown}


   Skills:
 + Level 10.2 Fighting
 + Level 10.4 Ranged Weapons
 - Level 1.0 Spellcasting
 - Level 3.0 Translocations


You had 10 spell levels left.
You knew the following spells:

 Your Spells              Type           Power      Damage    Failure   Level
a - Apportation           Tloc           12%        N/A       12%         1

Your spell library contained the following spells:

 Spells                   Type           Power      Damage    Failure   Level
 Blink                    Tloc           12%        N/A       19%         2
 Magic Dart               Conj           0%         1d3       38%         1
 Sting                    Conj/Alch      0%         1d3       38%         1
 Call Imp                 Summ           0%         N/A       54%         2
 Mercury Vapours          Alch/Air       0%         N/A       54%         2
 Volatile Blastmotes      Fire/Tloc      6%         2d10      56%         3
 Fugue of the Fallen      Necr           0%         N/A       77%         3
 Ozocubu's Armour         Ice            0%         N/A       77%         3
 Manifold Assault         Tloc           6%         N/A       77%         4
 Olgreb's Toxic Radiance  Alch           0%         N/A       99%         4


Dungeon Overview and Level Annotations

Branches:
Dungeon (8/15)             Temple (1/1) D:7         Ossuary (visited)
   Lair: D:8-11

Altars:
Ashenzari
Cheibriados
Elyvilon
Fedhas
Gozag
Hepliaklqana
Kikubaaqudgha
Makhleb
Nemelex Xobeh
Okawaru
Qazlal
Ru
Sif Muna
Trog
Uskayaw
Vehumet
Wu Jian
Xom
Yredelemnul
Zin
The Shining One

Shops:
D:3 =   D:7 :

Annotations:
D:8 Grum


Innate Abilities, Weirdness & Mutations

You can wield a second weapon in your off-hand.
It takes a long time for you to wield or remove held weapons.
Your first few attacks do less damage.
Attacking and casting redirects power from your legs.


Message History

You shoot a sling bullet.
The sling bullet hits Grum but does no damage.
Grum is severely wounded.
You shoot a sling bullet.
The sling bullet hits Grum but does no damage.
Grum is severely wounded.
Grum hits you from afar with a +1 spear of venom!!
* * * LOW HITPOINT WARNING * * *
You are poisoned.
Fire: a) +3 sling {Malki}
Press: ? - help, Q - select action, (/) - cycle Shift-Dir - straight line, f/p - Grum
Aim: Grum, wielding a +1 spear of venom and wearing a +0 animal skin (severely wounded, 74% to hit)
You shoot a sling bullet. The sling bullet barely misses Grum.
You shoot a sling bullet. The sling bullet barely misses Grum.
You feel very sick.
Fire: a) +3 sling {Malki}
Press: ? - help, Q - select action, (/) - cycle Shift-Dir - straight line, f/p - Grum
Aim: Grum, wielding a +1 spear of venom and wearing a +0 animal skin (severely wounded, 74% to hit)
You shoot a sling bullet. The sling bullet hits Grum!
Grum is almost dead.
You shoot a sling bullet. The sling bullet barely misses Grum.
You feel very sick.
The wolf is no longer distracted by gold.
The wolf bites you.
* * * LOW HITPOINT WARNING * * *
Grum barely misses you. The wolf barely misses you.
It was a potion of degeneration.
There was something very wrong with that liquid.
You feel weakened.
You feel dopey.
You feel clumsy.
* * * LOW HITPOINT WARNING * * *
You feel very sick. The wolf closely misses you.
Grum hits you from afar with a +1 spear of venom!
* * * LOW HITPOINT WARNING * * *
You are more poisoned.
The wolf completely misses you.
You feel yourself speed up.
You die...
Your body crumbles into a pile of gold.

#...##.##
###...##
##..# #...##
##....#
##.###.## .
##.##
#..######..#
#..#
##..#$g....#
##.##
#..@h.....#
#..#
#.#######..
##.###..#
#..#..##
#.....##
##.....#
##.....##
####..#....#
#.)....#....#


You could see Grum and a wolf.

Vanquished Creatures
  Maggie (D:7)
  A wyvern (D:5)
  Edmund (D:4)
  3 water moccasins
  A sky beast (D:6)
  A black bear (D:7)
  An ogre (D:5)
  3 ice beasts
  3 wolves (D:8)
  3 centaurs (D:8)
  A kobold brigand (D:7)
  A weeping skull (Ossuary)
  2 bullfrogs
  2 scorpions
  5 water moccasin zombies (Ossuary)
  3 electric eels (D:3)
  2 bombardier beetles
  Crazy Yiuf (D:4)
  A human zombie (D:6)
  4 jellies
  3 orc priests
  3 hounds
  2 human skeletons (D:6)
  A sleepcap (D:4)
  3 iguanas
  3 orc wizards
  A crocodile zombie (Ossuary)
  A bullfrog simulacrum (Ossuary)
  2 mummies (Ossuary)
  8 adders
  4 gnolls (D:8)
  2 shadow imps
  3 white imps
  4 ufetubi
  7 adder zombies (Ossuary)
  A ribbon worm (D:3)
  A dart slug (D:1)
  17 orcs
  5 ball pythons
  5 bats
  5 endoplasms
  2 giant cockroaches
  6 gnoll zombies (Ossuary)
  2 goblins (D:2)
  7 hobgoblins
  8 jackals (D:3)
  A quokka (D:1)
  2 frilled lizards (D:2)
  4 jackal zombies (Ossuary)
  12 kobolds
  An orc skeleton (D:6)
  7 orc zombies
  4 rats
177 creatures vanquished.

Notes
Turn   | Place    | Note
-------+----------+-------------------------------------------
     0 | D:1      | Eptagon the Coglin Wanderer began the quest for the Orb.
     0 | D:1      | Eptagon set off with the following items: a +3 sling
                  | {Malki}, a scroll of fog, a +0 leather armour; and the
                  | following spell memorised: Apportation; and the following
                  | spells available to memorise: Volatile Blastmotes.
     0 | D:1      | Reached XP level 1. HP: 15/15 MP: 2/2
    83 | D:1      | Reached XP level 2. HP: 21/21 MP: 3/3
   525 | D:2      | Reached XP level 3. HP: 27/27 MP: 4/4
   692 | D:2      | Reached skill level 5 in Ranged Weapons
  1351 | D:3      | Reached XP level 4. HP: 34/34 MP: 5/5
  1363 | D:3      | HP: 1/34 [something/puff of flame (8)]
  1615 | D:3      | Reached XP level 5. HP: 41/41 MP: 6/6
  1663 | D:3      | Found a transporter.
  1764 | D:3      | Found a transporter.
  1809 | D:3      | Found Afemoeda's Jewellery Shop.
  1909 | D:3      | Found a shimmering blue altar of Sif Muna.
  2132 | D:4      | Noticed Edmund
  2140 | D:4      | Killed Edmund
  2141 | D:4      | Reached XP level 6. HP: 44/48 MP: 7/7
  3289 | D:4      | Found a runed translucent door.
  3290 | D:4      | Noticed Crazy Yiuf
  3299 | D:4      | Killed Crazy Yiuf
  3300 | D:4      | Reached skill level 5 in Fighting
  3300 | D:4      | Reached XP level 7. HP: 35/56 MP: 8/8
  3484 | D:5      | Entered Level 5 of the Dungeon
  3811 | D:5      | Noticed a +0 falchion
  3819 | D:5      | Found a hide-covered altar of Uskayaw.
  3819 | D:5      | Noticed a +0 short sword
  3819 | D:5      | Noticed a +0 dagger
  3820 | D:5      | Noticed a +0 spear
  3820 | D:5      | Noticed a +0 falchion
  3821 | D:5      | Noticed a +0 dagger
  3821 | D:5      | Noticed a +0 short sword
  3822 | D:5      | Noticed a +0 spear
  3976 | D:5      | Noticed a wyvern
  3982 | D:5      | Killed a wyvern
  3983 | D:5      | Reached XP level 8. HP: 46/64 MP: 9/9
  4789 | D:6      | Found a sand-covered staircase.
  4842 | Ossuary  | Entered an ossuary
  5022 | Ossuary  | Reached XP level 9. HP: 59/74 MP: 10/10
  5755 | D:7      | Found an ornate altar of the Wu Jian Council.
  5765 | D:7      | Noticed Maggie
  5790 | D:7      | Killed Maggie
  6140 | D:7      | Found a staircase to the Ecumenical Temple.
  6146 | Temple   | Entered the Ecumenical Temple
  6204 | Temple   | Became a worshipper of Gozag Ym Sagoz the Greedy
  6595 | D:7      | Found Vyjahomp's Book Boutique.
  6982 | D:8      | Reached skill level 10 in Ranged Weapons
  7030 | D:8      | Reached XP level 10. HP: 85/85 MP: 11/11
  7248 | D:8      | Reached skill level 10 in Fighting
  7568 | D:8      | Noticed Grum
  7589 | D:8      | HP: 2/85 [Grum/+1 spear of venom (7)]
  7590 | D:8      | Succumbed to Grum's poison

Illustrated notes

Levels and vault maps discovered:
D:1:      evilmike_arrival_grusome_pit, layout_rooms
D:2:      layout_basic
D:3:      gammafunk_steamed_eel, layout_basic, nicolae_overflow_hidden_temple,
          serial_shops, shop, grunt_ministairs_4
D:4:      layout_basic, uniq_crazy_yiuf_cottage, uniq_edmund
D:5:      layout_cave_pods, nicolae_uskayaw_en_pointe,
          nicolae_elevator_lobby_plus
D:6:      layout_loops_ring, nicolae_ossuary_entry_catacombs, minmay_between
D:7:      layout_loops_ring, nicolae_wu_jian_wuxing_cycle,
          minmay_temple_entry_enclosed_plants, serial_shops,
          nicolae_shop_hallway_plus, dreamdust_wishing_well, uniq_maggie
D:8:      nicolae_whirlpool, layout_layer_cave, kennysheep_doodads, uniq_joseph,
          uniq_grum
Temple:   dpeg_five_rooms_temple

Skill      XL: |  1  2  3  4  5  6  7  8  9 10 |
---------------+-------------------------------+-----
Fighting       | 2 3 4 5 6 7 9 10 | 10.2
Ranged Weapons | 5 6 7 8 10 | 10.4
Spellcasting   | |  1.0
Translocations | |  3.0

Action                     |  1- 3 |  4- 6 |  7- 9 | 10-12 || total
---------------------------+-------+-------+-------+-------++-------
   Fire: Sling             |    86 |   240 |   716 |   100 ||  1142
    Use: Potion            |       |     3 |       |     2 ||     5
 Armour: Leather armour    |     2 |    63 |    72 |    29 ||   166
  Dodge: Dodged            |     8 |    55 |    83 |    45 ||   191

Table legend: (Time is in decaauts)
 A = Elapsed time spent in this place.
 B = Non-inter-level travel time spent in this place.
 C = Inter-level travel time spent in this place.
 D = Time resting spent in this place.
 E = Time spent auto-exploring this place.
 F = Levels seen in this place.
 G = Mean time per level.
                   A        B        C        D        E       F      G
               +--------+--------+--------+--------+--------+-----+--------+
         Total |   7587 |   6980 |    607 |    304 |   5604 |  10 |  758.7 |
       Dungeon |   7116 |   6606 |    510 |    304 |   5354 |   8 |  889.5 |
        Temple |    107 |     10 |     97 |      0 |      0 |   1 |  107.0 |
       Ossuary |    364 |    364 |      0 |      0 |    250 |   1 |  364.0 |
               +--------+--------+--------+--------+--------+-----+--------+

Top non-repeatable levels by time:
     D:3: 1362 daAuts
     D:5: 1082 daAuts
     D:7: 1000 daAuts
     D:2: 826 daAuts
     D:6: 803 daAuts
     D:4: 798 daAuts
     D:8: 735 daAuts
     D:1: 507 daAuts
 Ossuary: 364 daAuts
  Temple: 107 daAuts
